 Dungeon Crawl Stone Soup version 0.28.0-53-g5a82cb258f (webtiles) character file.

Game seed: 14120714580339522960

261 protoss039 the Digger (level 5, -2/61 HPs)
             Began as a Demonspawn Earth Elementalist on June 1, 2022.
             Killed from afar by Natasha (9 damage)
             ... with a puff of flame
             ... on level 4 of the Dungeon.
             The game lasted 00:06:06 (3815 turns).

protoss039 the Digger (DsEE)                        Turns: 3815, Time: 00:06:07

Health: -2/61      AC: 22    Str:  8    XL:     5   Next: 96%
Magic:  9/9        EV:  2    Int: 18    God:
Gold:   50         SH:  0    Dex: 14    Spells: 3/9 levels left

rFire   . . .      SeeInvis .   h - +2 mace (drain)
rCold   . . .      Faith    .   (no shield)
rNeg    . . .      Spirit   .   (armour currently unavailable)
rPois   +          Reflect  .   (helmet currently unavailable)
rElec   .          Harm     .   (cloak currently unavailable)
rCorr   .          Rampage  .   (gloves currently unavailable)
Will    .....      NoTele   +   (boots currently unavailable)
Stlth   ++........              (no amulet)
HPRegen 0.20/turn               (no ring)
MPRegen 0.11/turn               (no ring)

@: tree-form
A: stationary, stasis, torment immunity, boosted hp, (claws 1), powered by death
1
a: no special abilities


You were on level 4 of the Dungeon.
You were a tree.
You visited 1 branch of the dungeon, and saw 4 of its levels.

You collected 50 gold pieces.

Inventory:

Hand Weapons
 h - a +2 mace of draining (weapon)
Missiles
 c - 50 stones
Armour
 f - a scarf of resistance
 m - the +1 ring mail of the Dungeon (melded) {rF- Str+5 Int+6}
   (You found it on level 3 of the Dungeon)

   Str:       It affects your strength (+5).
   Int:       It affects your intelligence (+6).
   rF:        It makes you vulnerable to fire.
 p - the +0 helmet "Suigiromn" (melded) {+Blink rC+ rCorr}
   (You took it off Robin on level 2 of the Dungeon)

   rC:        It protects you from cold.
   +Blink:    It lets you blink.
   rCorr:     It protects you from acid and corrosion.
 q - a +1 cloak (melded)
 r - a +2 pair of boots (melded)
Jewellery
 g - a +6 ring of intelligence
Wands
 n - a wand of paralysis (5)
Scrolls
 a - 3 scrolls of teleportation {unknown}
 b - a scroll of amnesia {unknown}
 e - a scroll of immolation {unknown}
 i - 2 scrolls of identify {unknown}
 k - a scroll of vulnerability {unknown}
Potions
 d - a potion of lignification
 j - a potion of brilliance {unknown}
 l - a potion of magic
 o - a potion of berserk rage {unknown}
 s - a potion of heal wounds {unknown}


   Skills:
 * Level 3.1 Fighting
 * Level 2.2 Armour
 - Level 1.7 Dodging
 - Level 1.7 Stealth
 + Level 2.8 Spellcasting
 - Level 2.0 Conjurations
 - Level 1.0 Transmutations
 + Level 3.4 Earth Magic


You had 3 spell levels left.
You knew the following spells:

 Your Spells              Type           Power      Damage    Failure   Level
a - Sandblast             Erth           28%        2d8       4%          1
b - Passwall              Tmut/Erth      8%         N/A       10%         2
c - Stone Arrow           Conj/Erth      24%        3d8       16%         3

Your spell library contained the following spells:

 Spells                   Type           Power      Damage    Failure   Level
 Gell's Gravitas          Tloc           2%         N/A       45%         3
 Teleport Other           Tloc           2%         N/A       45%         3
 Petrify                  Tmut/Erth      10%        N/A       54%         4
 Dispersal                Tloc           1%         N/A       100%        6


Dungeon Overview and Level Annotations

Branches:
Dungeon (4/15)
 Temple: D:4-7

Altars:

Annotations:
D:4 Natasha


Innate Abilities, Weirdness & Mutations

You are a tree.
Your roots penetrate the ground, keeping you stationary.
You cannot be teleported.
You are immune to unholy pain and torment.
Your maximum health is greatly increased.
Your equipment is partially melded.
((You have sharp fingernails.))
You regenerate a little health from kills.


Message History

Natasha, Servant of Life and Death comes into view.
She is carrying a wand of flame (19).
Casting: Sandblast (safe; 6% risk of failure)
Confirm with . or Enter, or press ? or * to list all spells.
Aiming: Sandblast (safe; 6% risk of failure)
Press: ? - help, Shift-Dir - straight line, f - gnoll
Aim: a gnoll, wielding a +0 flail (82% to hit)
The blast of sand hits the gnoll.
The gnoll is lightly wounded.
Unknown command.
You see here a scroll labelled UTAINWIWAR.
Unknown command.
a - 3 scrolls labelled UTAINWIWAR (gained 1) Unknown command.
Your magical contamination has completely faded away.
The gnoll shaman enters a dispersal trap!
The gnoll blinks!
Natasha blinks!
The gnoll blinks!
You blink.
Unknown command.
Unknown command.
The gnoll hits you but does no damage.
The gnoll shaman calls upon its god to heal the gnoll.
The gnoll's wounds heal themselves!
Unknown command.
Natasha zaps a wand.
The puff of flame hits you. The fire burns you terribly!
* * * LOW HITPOINT WARNING * * *
The gnoll hits you with a +0 flail.
* * * LOW HITPOINT WARNING * * *
Unknown command.
Unknown command.
It was a potion of lignification.
You turn into a tree.
Your +1 cloak melds into your body.
The +0 helmet "Suigiromn" {+Blink rC+ rCorr} melds into your body.
Your +2 pair of boots melds into your body.
The +1 ring mail of the Dungeon {rF- Str+5 Int+6} melds into your body.
Your roots penetrate the ground.
The gnoll hits you but does no damage.
The gnoll shaman mumbles some strange prayers to its god against you.
You resist with some effort. The gnoll hits you but does no damage.
Unknown command.
It was a potion of magic.
Magic courses through your body.
Natasha zaps a wand.
The puff of flame hits you!
You die...

..g..... # ..h... # ..)#
# #.############# ##
...####.)g)gg)......###.
#.......#######§........
#/..###hg..####..####....
#...###g...g..^.## ###..
#.....g♣..###### ##.#
###.##......... ##..# #
#....#..## ###..##
#....##... #...## ######
###....### ###... #.#..
.. #.. ### ...


You could see a gnoll shaman, Natasha and 3 gnolls.

Vanquished Creatures
  An orc priest (D:4)
  Crazy Yiuf (D:3)
  Natasha (D:4)
  Robin (D:2)
  4 adders
  4 gnolls (D:3)
  8 orcs
  3 ball pythons
  5 endoplasms
  2 giant cockroaches
  17 goblins
  13 hobgoblins
  10 jackals
  A quokka (D:2)
  2 bats
  4 kobolds
  4 rats
81 creatures vanquished.

Notes
Turn   | Place    | Note
-------+----------+-------------------------------------------
     0 | D:1      | protoss039 the Demonspawn Earth Elementalist began the
                  | quest for the Orb.
     0 | D:1      | Reached XP level 1. HP: 13/13 MP: 3/3
    57 | D:1      | Reached skill level 1 in Transmutations
   529 | D:1      | Gained mutation: You regenerate a little health from kills.
                  | [demonic ancestry]
   529 | D:1      | Reached XP level 2. HP: 18/20 MP: 5/5
   568 | D:1      | Found a faded altar of an unknown god.
   627 | D:1      | Reached skill level 1 in Fighting
   974 | D:1      | Learned a level 2 spell: Passwall
  1327 | D:2      | Reached skill level 1 in Armour
  1327 | D:2      | Reached XP level 3. HP: 26/26 MP: 0/6
  2103 | D:2      | Learned a level 3 spell: Stone Arrow
  2144 | D:3      | Identified the +1 ring mail of the Dungeon {rF- Str+5
                  | Int+6}
  2201 | D:3      | Reached XP level 4. HP: 33/33 MP: 4/7
  2555 | D:3      | Identified the +1 scale mail of Eternal Night {rF+}
  2589 | D:3      | Reached skill level 1 in Conjurations
  2626 | D:3      | Identified the +0 helmet "Suigiromn" {+Blink rC+ rCorr}
  2626 | D:3      | Noticed Robin
  2759 | D:2      | Killed Robin
  2760 | D:2      | Gained mutation: You have sharp fingernails. [demonic
                  | ancestry]
  2760 | D:2      | Reached XP level 5. HP: 19/39 MP: 0/9
  3216 | D:3      | Found a runed translucent door.
  3217 | D:3      | Noticed Crazy Yiuf
  3445 | D:3      | Killed Crazy Yiuf
  3772 | D:4      | Noticed Natasha
  3792 | D:4      | Killed Natasha
  3805 | D:4      | Noticed Natasha
  3815 | D:4      | Killed from afar by Natasha

Illustrated notes

Levels and vault maps discovered:
D:1:      nzn_arrival_settlement, layout_basic,
          shapermc_ecumenical_altar_totnotflames, roderic_roman_lattice,
          minmay_misc_feat_room
D:2:      layout_basic
D:3:      layout_loops_ring, uniq_crazy_yiuf_cottage, uniq_robin
D:4:      layout_rooms, serial_shops, nicolae_lakefront_shop,
          nicolae_zen_rock_garden, uniq_natasha

Skill      XL: |  1  2  3  4  5 |
---------------+----------------+-----
Transmutations | 1 |  1.0
Fighting       | 1 2 3 |  3.1
Armour         | 1 2 |  2.2
Earth Magic    | 3 |  3.4
Conjurations   | 1 2 |  2.0
Dodging        | |  1.7
Stealth        | |  1.7
Spellcasting   | |  2.8

Action                   |  1- 3 |  4- 6 || total
-------------------------+-------+-------++-------
Melee: Club              |    10 |       ||    10
       Punch             |     1 |     3 ||     4
       Short sword       |    41 |   129 ||   170
       Mace              |       |    39 ||    39
 Cast: Sandblast         |    36 |    25 ||    61
       Stone Arrow       |       |     3 ||     3
  Use: Potion            |       |     2 ||     2
 Stab: Sleeping          |     2 |       ||     2
Armor: Robe              |    15 |       ||    15
       Leather armour    |    10 |       ||    10
       Ring mail         |       |   112 ||   112
       Skin              |       |     2 ||     2
Dodge: Dodged            |    44 |   129 ||   173
